 Seeded DCSS version 0.30.1-9-gdf580d7c3d (webtiles) character file.

Game seed: 2394977854812512649 (custom seed)

179 Psyclone the Conjurer (level 5, 28/28 HPs)
             Began as a Deep Elf Conjurer on Oct 11, 2023.
             Quit the game on level 1 of the Dungeon.
             The game lasted 00:02:07 (473 turns).

Psyclone the Conjurer (Deep Elf Conjurer)            Turns: 473, Time: 00:02:08

Health: 28/28      AC:  2    Str:  4    XL:     5   Next: 32%
Magic:  7/11       EV: 12    Int: 25    God:
Gold:   59         SH:  0    Dex: 13    Spells: 7/10 levels left

rFire   . . .        (no weapon)
rCold   . . .        (no shield)
rNeg    . . .        a - +0 robe
rPois   .            (no helmet)
rElec   .            (no cloak)
rCorr   .            (no gloves)
SInv    .            (no boots)
Will    .....        (no amulet)
Stlth   ++           (no ring)
HPRegen 0.24/turn    (no ring)
MPRegen 0.12/turn

%: no passive effects
@: no status effects
A: no striking features
a: no special abilities


You were on level 1 of the Dungeon.
You visited 1 branch of the dungeon, and saw 2 of its levels.

You collected 59 gold pieces.

Inventory:

Armour
 a - a +0 robe (worn)
Scrolls
 c - 2 scrolls of acquirement {unknown}
 e - a scroll of identify {unknown}
 g - a scroll of immolation {unknown}
 i - 2 scrolls of teleportation {unknown}
Potions
 b - a potion of magic
 d - 2 potions of berserk rage {unknown}
 f - a potion of attraction {unknown}
 h - a potion of mutation {unknown}
 j - a potion of brilliance {unknown}
 k - a potion of lignification {unknown}


   Skills:
 - Level 2.4 Dodging
 - Level 2.4 Stealth
 - Level 3.0 Spellcasting
 + Level 7.3 Conjurations


You had 7 spell levels left.
You knew the following spells:

 Your Spells              Type           Power      Damage    Failure   Level
a - Magic Dart            Conj           100%       1d8       1%          1
b - Searing Ray           Conj           80%        2d7       1%          2

Your spell library contained the following spells:

 Spells                   Type           Power      Damage    Failure   Level
 Dazzling Flash           Conj/Hex       44%        N/A       7%          3
 Fulminant Prism          Conj/Hex       11%        3d9       22%         4
 Iskenderun's Mystic Bla  Conj/Tloc      22%        2d6       22%         4


Dungeon Overview and Level Annotations

Branches:
Dungeon (2/15) Zot: 11527

Altars:

Shops:
D:2 !


Message History

Aiming: Magic Dart (safe; 1% risk of failure)
Press: ? - help, Shift-Dir - straight line, f - ball python
Aim: a ball python (100% to hit)
The magic dart hits the ball python.
You kill the ball python!
You now have 4/11 mp.
Casting: Magic Dart (safe; 1% risk of failure)
Confirm with . or Enter, or press ? or * to list all spells.
You can't see any susceptible monsters within range! (Use Z to cast anyway.) Unknown command.
Casting: Magic Dart (safe; 1% risk of failure)
Confirm with . or Enter, or press ? or * to list all spells.
You can't see any susceptible monsters within range! (Use Z to cast anyway.) Unknown command.
j - a coppery potion
k - an emerald potion A hobgoblin comes into view.
Found 2 stones.
Casting: Magic Dart (safe; 1% risk of failure)
Confirm with . or Enter, or press ? or * to list all spells.
Aiming: Magic Dart (safe; 1% risk of failure)
Press: ? - help, Shift-Dir - straight line, f - hobgoblin
Aim: a hobgoblin (100% to hit)
The magic dart hits the hobgoblin!
You kill the hobgoblin!
You now have 5/11 mp.
Casting: Magic Dart (safe; 1% risk of failure)
Confirm with . or Enter, or press ? or * to list all spells.
You can't see any susceptible monsters within range! (Use Z to cast anyway.) Unknown command.
Casting: Magic Dart (safe; 1% risk of failure)
Confirm with . or Enter, or press ? or * to list all spells.
You can't see any susceptible monsters within range! (Use Z to cast anyway.) Unknown command.
Found a scroll labelled UCAIWU KIGATZ.
Found a ring mail.
i - 2 scrolls labelled UCAIWU KIGATZ (gained 1) Unknown command.
Unknown command.
Are you sure you want to abandon this character and quit the game? (Confirm with "yes".)

..........# #...).#
#.# .......)..#
###...# .#
>.........# #.#...
.........## #.##...
#.).#...## ###.#
.### ######..#
#####...# .# ##.#
#.......#..# #.#
#.........#
#######.###.....@.#
.(†.......#.......#
#######.....#######
###..........
####...#### ##.#
..[ ... ...


There were no monsters in sight!

Vanquished Creatures
  Sigmund (D:2)
  3 endoplasms
  A giant cockroach (D:1)
  2 goblins (D:1)
  3 hobgoblins
  2 ball pythons
  3 bats
  2 frilled lizards
  2 rats
19 creatures vanquished.

Notes
Turn   | Place    | Note
-------+----------+-------------------------------------------
     0 | D:1      | Psyclone the Deep Elf Conjurer began the quest for the Orb.
     0 | D:1      | Reached XP level 1. HP: 10/10 MP: 6/6
    93 | D:1      | Reached XP level 2. HP: 15/15 MP: 2/8
    96 | D:1      | Learned a level 2 spell: Searing Ray
   166 | D:2      | Noticed Sigmund
   171 | D:2      | Killed Sigmund
   172 | D:2      | Reached skill level 7 in Conjurations
   172 | D:2      | Reached XP level 3. HP: 10/19 MP: 1/9
   172 | D:2      | Reached XP level 4. HP: 12/24 MP: 1/10
   172 | D:2      | Reached XP level 5. HP: 15/28 MP: 1/11
   393 | D:2      | Found Utwiat's Distillery.
   473 | D:1      | Quit the game

Illustrated notes

Levels and vault maps discovered:
D:1:      saegor_arrival_simple_c, layout_rooms
D:2:      layout_basic, serial_shops, shop, uniq_sigmund

Skill      XL: |  1  2 |
---------------+-------+-----
Conjurations   | 7 |  7.3
Dodging        | |  2.4
Stealth        | |  2.4
Spellcasting   | |  3.0

Action                     |  1- 3 |  4- 6 || total
---------------------------+-------+-------++-------
  Melee: Unarmed           |       |     5 ||     5
   Cast: Magic Dart        |     8 |    16 ||    24
         Searing Ray       |     2 |       ||     2
 Armour: Robe              |       |     3 ||     3
  Dodge: Dodged            |       |     9 ||     9
